Map: Winter Madness LE

Players

Tronsey

  • Race: Terran Terran
  • League: Gold
  • Spawn Location: 5:00

Sindyr - Winner!

  • Race: Zerg Zerg
  • Spawn Location: 11:00

VOD

Have the link to the VOD?

Description

Time

  • Played on: Jan. 5, 2026, 7:54 a.m.
  • Length: 16:55
Show
View Real Time Build Order
Export as new Build Order

Tronsey Terran 

Build Orders: Cyclone Opening, Mech 

Get SALT Encoding   

  12  0:00  SCV  
  13  0:12  SCV  
  14  0:22  Supply Depot  
  14  0:24  SCV  
  15  0:33  Refinery  
  15  0:43  SCV  
  15  0:46  Barracks  
  16  0:55  SCV  
  17  1:08  SCV  
  18  1:20  SCV  
  18  1:22  Refinery  
  19  1:32  SCV  
  20  1:33  Supply Depot  
  20  1:40  Factory  
  20  1:44  SCV  
  21  1:54  Marine  
  21  1:56  SCV  
  24  2:08  SCV  
  24  2:10  Supply Depot  
  24  2:20  SCV  
  25  2:27  Command Center  
  25  2:31  Factory Tech Lab  
  25  2:39  Orbital Command  
  25  2:51  Cyclone  
  28  3:03  Starport  
  28  3:10  Barracks Tech Lab  
  28  3:13  Infernal Pre-Igniter  
  28  3:21  SCV  
  29  3:34  SCV  
  30  3:39  Viking  
  32  3:46  SCV  
  33  3:49  Hellion  
  35  3:55  Factory  
  35  3:58  SCV  
  36  4:07  Refinery  
  36  4:10  SCV, Refinery, Hellion  
  39  4:22  SCV  
  40  4:26  Marine  
  40  4:29  Orbital Command  
  41  4:32  Hellion  
  41  4:34  SCV  
  44  4:41  Factory  
  44  4:42  Hellion  
  46  4:46  SCV  
  46  4:49  Armory  
  47  4:55  Engineering Bay  
  47  4:58  SCV x2  
  49  5:10  Hellion x2, SCV  
  54  5:19  SCV  
  54  5:20  Supply Depot  
  55  5:23  Supply Depot  
  55  5:29  Factory  
  55  5:30  Starport Tech Lab  
  55  5:32  Marine  
  56  5:38  Factory Tech Lab x2  
  56  5:39  Smart Servos  
  56  5:42  SCV  
  57  5:43  SCV  
  58  5:50  Marine  
  58  5:54  SCV  
  58  5:55  SCV  
  61  6:06  SCV  
  61  6:07  SCV  
  51  6:18  SCV  
  51  6:19  Siege Tank x3  
  51  6:20  SCV  
  51  6:21  Factory Tech Lab  
  51  6:23  Marauder  
  64  6:42  Command Center  
  64  6:44  Marauder, Siege Tank  
  69  6:49  Terran Vehicle Weapons Level 1  
  69  6:51  Siege Tank, Widow Mine x2  
  76  7:08  Marauder  
  78  7:11  Terran Infantry Weapons Level 1  
  78  7:30  Mag-Field Accelerator  
  78  7:31  Drilling Claws  
  78  7:38  Marine  
  78  7:39  Raven  
  81  7:45  Supply Depot x2  
  81  7:46  Supply Depot  
  81  7:54  Ghost Academy  
  81  7:56  Marine  
  82  8:05  Widow Mine, Hellion x3  
  90  8:15  Marauder  
  92  8:24  Supply Depot  
  92  8:26  Hellion x4  
  100  8:30  SCV x2  
  100  8:42  SCV x2  
  100  8:43  Terran Vehicle And Ship Armor Level 1  
  100  8:46  Supply Depot  
  102  8:48  Command Center  
  102  8:54  SCV x2  
  104  9:02  Cyclone x3  
  113  9:05  Cyclone  
  113  9:06  Terran Infantry Armor Level 1, SCV x2  
  118  9:18  SCV x2  
  120  9:34  Cyclone x2  
  120  9:35  Cyclone  
  129  9:38  Cyclone  
  118  10:15  Hellion x4  
  126  10:21  Orbital Command  
  126  10:26  Starport  
  126  10:30  Supply Depot  
  126  10:36  Hellion x3  
  126  10:37  Hellion  
  126  10:38  Terran Ship Weapons Level 1  
  132  10:54  Supply Depot  
  132  10:59  Terran Infantry Weapons Level 2  
  132  11:00  Marauder  
  132  11:02  Combat Shield  
  134  11:04  Starport  
  134  11:09  Widow Mine x4  
  142  11:16  Refinery  
  142  11:17  Refinery  
  142  11:21  Marauder  
  142  11:23  Command Center  
  144  11:30  Widow Mine  
  144  11:31  Widow Mine x3  
  152  11:43  Marauder  
  154  12:03  Marine  
  155  12:21  Stimpack, Marine  
  154  12:31  Terran Vehicle Weapons Level 2  
  154  12:40  Marauder  
  150  13:00  Marine  
  151  13:18  Marine  
  143  14:01  Concussive Shells  
  116  14:28  Siege Tank x4  
  116  14:30  Marauder  
  127  14:35  Planetary Fortress  
  127  14:49  SCV x3  
  127  14:51  Marauder  
  132  15:01  SCV x3  
  132  15:04  Widow Mine x4  
  143  15:12  Marauder  
  143  15:13  SCV  
  146  15:25  Widow Mine x2  
  146  15:26  Widow Mine x2  
  148  15:33  Marine  
  111  15:47  Hellion x4  
  111  15:51  Marine  
  85  16:08  Hellion x3  
  85  16:09  Hellion  
  60  16:29  Hellion  
  60  16:30  Hellion x2  
Show
View Real Time Build Order
Export as new Build Order

Sindyr Zerg - Winner!

Build Orders: Pool First 

Get SALT Encoding   

  12  0:02  Drone  
  13  0:11  Drone  
  14  0:18  Overlord  
  14  0:28  Extractor  
  14  0:29  Drone  
  14  0:37  Drone x2  
  16  0:49  Spawning Pool  
  15  0:54  Drone  
  15  0:56  Drone  
  17  1:21  Hatchery  
  17  1:25  Drone  
  17  1:29  Drone  
  17  1:32  Drone  
  19  1:45  Queen  
  21  1:53  Overlord  
  21  2:01  Drone  
  22  2:05  Metabolic Boost  
  22  2:17  Zergling x4  
  24  2:29  Queen  
  26  2:34  Queen  
  26  2:36  Drone  
  29  2:37  Drone  
  29  2:40  Drone  
  31  2:54  Drone x3  
  34  3:02  Overlord  
  34  3:29  Lair  
  34  3:31  Hatchery  
  34  3:32  Drone x5  
  34  3:33  Drone  
  39  3:35  Drone  
  40  3:44  Overlord  
  40  3:45  Overlord  
  40  3:57  Overlord x2  
  40  4:12  Extractor  
  40  4:15  Extractor  
  38  4:20  Roach Warren  
  37  4:24  Evolution Chamber, Drone  
  37  4:25  Drone x2, Evolution Chamber  
  38  4:31  Drone  
  38  4:32  Drone x3  
  42  4:41  Spore Crawler x2  
  42  4:42  Drone, Spore Crawler  
  42  4:43  Drone x2  
  42  4:50  Queen  
  44  5:14  Zerg Missile Weapons Level 1  
  44  5:15  Zerg Ground Armor Level 1  
  44  5:22  Roach, Zergling x2  
  44  5:23  Roach x6, Zergling x2  
  60  5:33  Hydralisk Den  
  60  5:34  Drone x3  
  60  5:35  Drone  
  63  5:37  Drone  
  63  5:39  Drone  
  65  5:57  Spore Crawler  
  65  5:59  Spore Crawler  
  65  6:01  Spore Crawler  
  65  6:03  Drone x2  
  63  6:04  Spine Crawler  
  63  6:05  Spine Crawler  
  54  6:30  Grooved Spines  
  54  6:31  Overlord x3  
  54  6:43  Spine Crawler  
  54  6:45  Spine Crawler  
  54  6:46  Drone x3  
  55  6:49  Drone  
  55  6:50  Spine Crawler  
  55  6:54  Glial Reconstitution  
  55  6:57  Drone  
  55  6:59  Drone  
  57  7:01  Drone  
  58  7:10  Zerg Missile Weapons Level 2  
  58  7:17  Zerg Ground Armor Level 2  
  58  7:20  Muscular Augments  
  58  7:26  Overlord  
  58  7:42  Drone  
  58  7:43  Drone x8  
  67  7:51  Spine Crawler  
  67  7:53  Spine Crawler  
  67  7:54  Spine Crawler  
  64  8:05  Spore Crawler  
  63  8:06  Drone x5  
  63  8:07  Drone  
  63  8:11  Spore Crawler  
  68  8:25  Extractor  
  67  8:29  Spore Crawler  
  66  8:38  Spore Crawler  
  66  8:40  Spore Crawler  
  66  8:41  Pneumatized Carapace  
  64  8:45  Infestation Pit, Drone x3  
  64  8:46  Drone  
  66  8:54  Overseer x2  
  66  8:59  Drone x3  
  66  9:00  Drone x3  
  66  9:01  Drone x3  
  75  9:03  Drone x6  
  75  9:05  Overlord x2  
  81  9:19  Overlord x2  
  81  9:23  Extractor  
  80  9:24  Hive  
  80  9:36  Extractor  
  73  10:09  Hydralisk  
  73  10:10  Hydralisk x5, Roach x2  
  73  10:11  Hydralisk x4, Roach x7  
  73  10:12  Roach  
  112  10:49  Drone  
  113  10:50  Hatchery, Drone  
  113  10:52  Spine Crawler, Drone  
  113  11:08  Zerg Missile Weapons Level 3, Zerg Ground Armor Level 3  
  113  11:47  Spine Crawler  
  113  11:52  Spine Crawler  
  113  11:53  Spine Crawler  
  109  11:56  Spine Crawler  
  108  12:04  Drone x11  
  119  12:21  Queen  
  119  12:24  Roach  
  119  12:25  Roach x5  
  119  12:34  Overlord x3  
  115  13:00  Overlord  
  115  13:01  Overlord  
  115  13:03  Roach x13  
  115  13:04  Roach  
  143  13:07  Overlord x5  
  139  13:40  Hydralisk x2  
  139  13:41  Hydralisk x4, Roach x4  
  109  13:42  Hydralisk x2, Roach x3  
  109  13:43  Zergling x38  
  109  13:44  Zergling x2  
  109  13:45  Zerg Melee Weapons Level 1  
  135  14:08  Roach x12  
  145  14:26  Hydralisk x2  
  145  14:27  Roach x10  
  145  14:29  Hatchery  
  168  14:33  Queen  
  170  14:39  Adrenal Glands  
  170  14:55  Unknown  
  170  14:56  Overseer x2  
  170  14:57  Overlord x4  
  169  15:22  Hydralisk x3  
  169  15:23  Roach x7, Hydralisk x3  
  169  15:24  Roach x2  
  198  15:29  Hydralisk  
  198  15:30  Roach  
  171  15:45  Hydralisk x2, Roach x3  
  171  15:46  Roach x7  
  177  15:52  Hydralisk  
  177  15:53  Roach x2  
  159  16:08  Hydralisk x3, Roach  
  159  16:09  Roach x3  
  159  16:10  Zergling x2  
  159  16:11  Zergling x2  
  153  16:22  Unknown  
  153  16:23  Spire  
  148  16:35  Hatchery  
Tags
 
Composition
Mech
League
Gold
Matchup
TvZ
Replay Pack
Multiplayer
Spawn Locations
Cross Positions
Add a new tag
Caveats
  • Supply blocks, unpowered buildings, or Contaminate may cause inaccurate times.
  • Supply counts are checked every 10 seconds.